Map: Monobattle LotV - Kimeran Refuge

Players

Irishledhead - Winner!

  • Race: Protoss Protoss

MrKyo - Winner!

  • Race: Terran Terran
  • League: Diamond

Basketball - Winner!

  • Race: Zerg Zerg

hellfiredbh - Winner!

  • Race: Terran Terran

Boix

  • Race: Protoss Protoss

ballsofsteel

  • Race: Zerg Zerg

SKTNickJones

  • Race: Protoss Protoss
  • League: Silver

Grumm

  • Race: Protoss Protoss
  • League: Gold

VOD

Have the link to the VOD?

Description

Time

  • Played on: Feb. 10, 2016, 1:51 a.m.
  • Length: 9:01
Show
View Real Time Build Order
Export as new Build Order

Irishledhead Protoss - Winner!

Build Orders: Phoenix Opening 

Get SALT Encoding   

  6  0:01  Probe (Chrono Boost)  
  13  0:24  Pylon, Probe (Chrono Boost)  
  14  0:40  Probe (Chrono Boost)  
  15  0:55  Probe (Chrono Boost)  
  16  1:09  Probe (Chrono Boost)  
  17  1:24  Probe (Chrono Boost)  
  18  1:38  Nexus  
  18  1:39  Probe (Chrono Boost)  
  19  1:50  Gateway  
  19  2:01  Assimilator  
  19  2:07  Assimilator, Probe (Chrono Boost)  
  20  2:22  Probe (Chrono Boost)  
  20  2:27  Pylon  
  21  2:40  Probe (Chrono Boost)  
  22  2:57  Cybernetics Core  
  22  3:08  Probe (Chrono Boost)  
  23  3:21  Probe (Chrono Boost)  
  23  3:25  Probe (Chrono Boost)  
  25  3:35  Probe (Chrono Boost)  
  26  3:40  Probe (Chrono Boost)  
  26  3:48  Stargate  
  27  3:55  Probe (Chrono Boost)  
  27  3:56  Probe (Chrono Boost)  
  27  3:57  Stargate  
  29  4:10  Probe x2 (Chrono Boost)  
  29  4:16  Assimilator  
  31  4:21  Assimilator  
  31  4:25  Probe (Chrono Boost)  
  31  4:26  Probe (Chrono Boost)  
  33  4:44  Pylon  
  33  4:45  Probe x2 (Chrono Boost)  
  35  4:49  Phoenix (Chrono Boost)  
  37  5:03  Phoenix (Chrono Boost)  
  39  5:10  Probe x2  
  41  5:23  Phoenix (Chrono Boost)  
  43  5:28  Probe  
  43  5:29  Probe  
  43  5:34  Phoenix (Chrono Boost)  
  47  5:45  Probe  
  47  5:46  Probe  
  49  6:04  Phoenix (Chrono Boost)  
  49  6:05  Phoenix (Chrono Boost)  
  53  6:13  Pylon  
  53  6:21  Pylon  
  53  6:29  Fleet Beacon  
  53  6:39  Probe  
  54  7:15  Phoenix (Chrono Boost)  
  54  7:16  Phoenix (Chrono Boost)  
  58  7:21  Probe  
  58  7:22  Probe  
  60  7:30  Anion Pulse-Crystals  
  60  7:38  Probe  
  60  7:40  Pylon, Probe  
  60  7:46  Phoenix x2 (Chrono Boost)  
  66  8:24  Phoenix x2 (Chrono Boost)  
  70  8:54  Phoenix x2 (Chrono Boost)  
  74  9:09  Pylon  
  74  9:12  Pylon  
  74  9:28  Nexus  
  74  9:29  Protoss Air Weapons Level 1  
  74  9:31  Phoenix x2 (Chrono Boost)  
  82  10:09  Phoenix x2 (Chrono Boost)  
  82  10:41  Stargate  
  82  10:42  Phoenix x2 (Chrono Boost)  
  86  10:57  Pylon  
  86  10:59  Pylon  
  86  11:02  Pylon  
  86  11:04  Probe x2  
  92  11:19  Phoenix x2 (Chrono Boost)  
  92  11:21  Probe x2  
  94  11:37  Probe  
  70  11:38  Probe  
  94  11:39  Probe  
  95  11:55  Probe  
  96  12:01  Phoenix x2 (Chrono Boost)  
Show
View Real Time Build Order
Export as new Build Order

MrKyo Terran - Winner!

Build Orders: Command Center First (CC) 

Get SALT Encoding   

  6  0:01  SCV  
  13  0:18  SCV  
  14  0:25  Supply Depot  
  14  0:35  SCV  
  15  0:55  SCV  
  16  1:13  SCV  
  17  1:26  Command Center  
  17  1:35  SCV  
  18  1:47  Barracks  
  18  1:52  SCV  
  19  2:02  Refinery  
  19  2:06  Refinery  
  19  2:10  SCV  
  20  2:27  SCV  
  21  2:48  SCV  
  22  3:06  Factory  
  22  3:10  SCV  
  22  3:17  Orbital Command  
  23  3:20  Refinery  
  23  3:27  Refinery  
  23  3:32  Orbital Command  
  23  3:53  Factory, SCV  
  24  4:06  Factory Tech Lab  
  24  4:09  SCV  
  24  4:13  SCV  
  26  4:26  SCV  
  27  4:30  SCV  
  27  4:35  Cyclone  
  31  4:53  SCV x2  
  31  4:55  Factory Tech Lab  
  33  5:03  Factory, Supply Depot  
  33  5:10  SCV x2  
  35  5:21  Cyclone  
  38  5:45  Cyclone  
  38  5:47  SCV  
  42  6:06  SCV  
  42  6:07  Cyclone, Factory Tech Lab  
  46  6:24  SCV x2  
  45  6:38  Supply Depot  
  45  6:41  SCV  
  45  6:42  Supply Depot  
  46  7:08  Cyclone, SCV  
  50  7:18  Cyclone x2  
  56  7:23  Engineering Bay, SCV  
  57  7:29  Supply Depot  
  57  7:30  Supply Depot  
  57  7:32  Supply Depot x2  
  57  7:55  Cyclone  
  60  8:03  Cyclone x2  
  63  8:30  SCV  
  63  8:33  SCV  
  63  8:37  Missile Turret x2  
  65  8:39  Cyclone  
  65  8:47  SCV  
  65  8:48  Cyclone  
  72  9:23  Cyclone  
  72  9:24  Cyclone  
  78  9:33  Cyclone  
  78  9:53  SCV  
  78  9:58  Supply Depot, Missile Turret  
  79  10:01  Supply Depot  
  79  10:08  Cyclone  
  82  10:27  Command Center  
  82  10:35  Command Center  
  79  11:16  Cyclone x2  
  79  11:17  Cyclone  
  91  12:14  Unknown  
Show
View Real Time Build Order
Export as new Build Order

Basketball Zerg - Winner!

Build Orders: Pool First 

Get SALT Encoding   

  6  0:03  Drone  
  13  0:12  Drone  
  14  0:39  Spawning Pool  
  14  0:42  Drone  
  14  0:55  Overlord  
  14  1:12  Drone, Extractor  
  14  1:21  Drone x2  
  16  1:41  Drone  
  17  1:51  Drone  
  18  2:05  Hatchery  
  17  2:19  Zergling x2  
  17  2:20  Zergling x2  
  19  2:30  Drone, Baneling Nest  
  19  2:56  Drone  
  20  3:12  Drone  
  20  3:15  Zergling x2  
  22  3:45  Queen  
  24  3:55  Hatchery  
  24  3:57  Baneling  
  24  3:58  Baneling x2  
  21  4:29  Drone  
  21  4:30  Drone x2  
  21  4:34  Extractor  
  23  4:45  Drone x3  
  26  5:00  Evolution Chamber  
  25  5:10  Drone x2  
  25  5:18  Overlord  
  27  5:23  Baneling x2  
  27  5:27  Drone  
  28  5:29  Overlord  
  28  5:35  Queen  
  30  5:42  Burrow  
  21  6:10  Spore Crawler  
  21  6:14  Spore Crawler  
  19  6:21  Drone x3  
  19  6:23  Drone  
  19  6:24  Drone x2  
  25  6:30  Drone x2  
  27  6:46  Drone  
  28  6:53  Queen  
  28  6:56  Drone  
  30  7:18  Drone x3  
  33  7:24  Drone  
  33  7:25  Drone x2  
  33  7:27  Overlord  
  36  7:35  Lair  
  36  7:59  Drone x2  
  38  8:19  Drone x3  
  38  8:23  Extractor  
  38  8:24  Extractor  
  38  8:26  Zergling x6  
  42  8:35  Zergling x2  
  43  8:46  Zerg Ground Armor Level 1  
  43  9:00  Drone  
  43  9:01  Drone  
  43  9:02  Drone  
  43  9:03  Drone x5  
  51  9:24  Baneling  
  51  9:25  Baneling  
  51  9:32  Drone  
  51  9:36  Drone  
  47  9:42  Drone  
  47  9:48  Drone x6  
  47  9:53  Spore Crawler  
  45  9:59  Spore Crawler  
  45  10:04  Spore Crawler  
  45  10:07  Drone x2  
  45  10:08  Drone  
  46  10:11  Drone  
  46  10:12  Drone x2  
  46  10:18  Drone  
  44  10:42  Baneling x2  
  44  10:43  Baneling x4  
  44  10:54  Pneumatized Carapace  
  42  11:02  Spore Crawler  
  41  11:16  Drone x12  
  40  11:28  Drone x2  
  41  11:36  Zergling x4  
  41  11:37  Overlord  
  41  11:39  Overlord  
  41  11:42  Overlord x3  
  41  12:07  Baneling x4  
Show
View Real Time Build Order
Export as new Build Order

hellfiredbh Terran - Winner!

Build Orders: Hellion Opening 

Get SALT Encoding   

  6  0:03  SCV  
  13  0:19  SCV  
  13  0:26  Supply Depot  
  14  0:36  SCV  
  15  0:56  SCV  
  16  1:02  Barracks  
  16  1:13  SCV  
  17  1:23  Refinery  
  17  1:30  SCV  
  18  1:47  SCV  
  19  2:16  Command Center  
  19  2:21  Orbital Command  
  19  2:54  Factory  
  19  2:56  Refinery  
  19  3:00  SCV  
  20  3:15  Barracks Reactor  
  20  3:17  SCV  
  21  3:34  SCV  
  22  3:51  SCV  
  23  3:59  Armory  
  23  4:08  SCV  
  24  4:23  Orbital Command, Supply Depot  
  24  4:24  SCV  
  24  4:27  Hellion x2  
  24  4:28  Refinery  
  29  4:30  Barracks Tech Lab  
  29  4:36  Factory  
  29  4:41  SCV  
  30  4:56  Hellion  
  30  4:57  Hellion  
  34  5:04  Supply Depot  
  34  5:13  SCV  
  34  5:14  SCV  
  36  5:26  Hellion  
  36  5:27  Hellion  
  40  5:30  SCV  
  40  5:31  SCV  
  42  5:46  Engineering Bay  
  42  5:47  SCV  
  43  5:56  Refinery  
  41  6:23  SCV  
  41  6:28  Missile Turret  
  40  6:31  Missile Turret  
  40  6:39  Hellion x2  
  40  6:47  Missile Turret  
  44  6:51  Hellion  
  46  7:09  Hellion x2  
  50  7:20  Missile Turret  
  50  7:21  Hellion  
  52  7:32  Infernal Pre-Igniter  
  52  7:39  Hellion  
  52  7:42  Terran Vehicle Weapons Level 1  
  52  7:43  Factory  
  52  7:46  Barracks Reactor  
  54  7:56  Hellion x3  
  54  8:04  Hellion  
  54  8:19  Hellion  
  54  8:44  Supply Depot  
  54  9:01  Supply Depot  
  54  9:04  Supply Depot  
  54  9:06  Supply Depot  
  54  9:14  SCV x2, Hellion x2, Hellbat  
  60  9:31  SCV  
  61  9:44  Hellion x2, Hellbat  
  67  10:01  Hellion x3  
  67  10:14  Hellbat  
  67  10:17  Command Center, Hellion x2  
  69  10:22  Hellion  
  69  10:27  Hellbat x2  
  69  10:28  Starport  
  73  10:31  Hellion  
  73  10:37  Hellion x2  
  77  10:44  Hellbat  
  79  10:57  Hellion, Hellbat  
  83  11:07  Hellion  
  85  11:15  Supply Depot  
  85  11:17  Supply Depot  
  85  11:18  Hellion  
  85  11:19  Hellion  
  85  11:27  Hellion x2  
  93  11:37  Hellion  
  93  11:56  Hellion  
  93  11:57  Hellion x3  
  95  12:07  Hellion  
Show
View Real Time Build Order
Export as new Build Order

Boix Protoss 

Build Orders: Phoenix Opening 

Get SALT Encoding   

  6  0:02  Probe (Chrono Boost)  
  13  0:27  Pylon  
  13  0:55  Probe (Chrono Boost)  
  14  1:02  Assimilator  
  14  1:04  Gateway  
  14  1:07  Assimilator  
  14  1:10  Probe (Chrono Boost)  
  15  1:25  Probe (Chrono Boost)  
  16  1:52  Probe (Chrono Boost)  
  17  2:07  Probe (Chrono Boost)  
  18  2:23  Cybernetics Core  
  18  2:28  Pylon  
  18  2:37  Forge  
  18  2:48  Probe (Chrono Boost)  
  19  3:03  Probe (Chrono Boost)  
  20  3:16  Stargate  
  20  3:18  Probe (Chrono Boost)  
  21  3:23  Photon Cannon  
  21  3:33  Photon Cannon  
  21  4:03  Probe (Chrono Boost)  
  22  4:24  Phoenix (Chrono Boost)  
  24  4:56  Phoenix (Chrono Boost)  
  26  5:21  Pylon  
  26  5:26  Phoenix (Chrono Boost)  
  26  5:28  Stargate  
  28  5:33  Pylon  
  28  5:56  Phoenix (Chrono Boost)  
  29  6:27  Phoenix (Chrono Boost)  
  31  6:57  Phoenix (Chrono Boost)  
  27  7:22  Phoenix (Chrono Boost)  
  27  7:28  Phoenix (Chrono Boost)  
  29  7:34  Nexus  
  29  7:39  Assimilator  
  29  7:45  Assimilator  
  29  7:51  Pylon  
  29  7:57  Phoenix (Chrono Boost)  
  31  8:16  Phoenix (Chrono Boost)  
  31  8:25  Photon Cannon  
  33  8:32  Phoenix (Chrono Boost)  
  33  8:56  Phoenix (Chrono Boost)  
  35  9:02  Probe  
  35  9:07  Phoenix (Chrono Boost)  
  38  9:19  Probe  
  37  9:33  Phoenix (Chrono Boost)  
  37  9:36  Probe  
  38  10:03  Probe  
  38  10:04  Probe  
  38  10:05  Phoenix (Chrono Boost)  
  42  10:19  Probe  
  42  10:20  Probe  
  44  10:37  Probe  
  45  10:52  Mothership Core  
  45  10:54  Phoenix (Chrono Boost), Probe  
  52  10:59  Phoenix (Chrono Boost)  
  52  11:11  Probe  
  53  11:25  Phoenix (Chrono Boost)  
  53  11:34  Phoenix (Chrono Boost)  
  41  11:57  Phoenix (Chrono Boost)  
Show
View Real Time Build Order
Export as new Build Order

ballsofsteel Zerg 

Build Orders: Pool First 

Get SALT Encoding   

  6  0:03  Drone  
  13  0:19  Drone  
  13  0:23  Extractor  
  13  0:24  Drone  
  14  0:30  Extractor  
  14  0:32  Drone  
  16  0:41  Overlord  
  16  1:05  Spawning Pool  
  15  1:10  Drone x2  
  17  2:02  Drone x3  
  20  2:15  Queen  
  22  2:21  Overlord  
  22  2:27  Hatchery  
  21  2:34  Drone  
  22  2:41  Extractor  
  22  2:43  Extractor  
  20  3:01  Drone  
  21  3:12  Drone  
  22  3:41  Spine Crawler x2  
  22  3:44  Spine Crawler  
  19  3:49  Drone  
  19  3:50  Drone x2  
  22  4:14  Lair  
  22  4:17  Queen  
  24  4:41  Drone  
  24  4:42  Drone x5  
  30  5:16  Drone  
  30  5:17  Drone x3  
  34  5:41  Spire  
  33  5:55  Spore Crawler  
  24  6:42  Extractor  
  24  6:45  Extractor  
  22  6:53  Drone x2  
  22  6:54  Drone x4  
  28  7:36  Mutalisk x4  
  36  7:39  Overlord x2  
  36  7:40  Overlord x2  
  36  7:43  Zerg Flyer Weapons Level 1  
  26  8:35  Spore Crawler  
  20  8:44  Queen  
  19  9:40  Mutalisk  
  12  10:48  Mutalisk  
  14  11:17  Overlord  
  14  11:18  Overlord  
  14  11:19  Overlord  
  14  11:20  Overlord x2  
Show
View Real Time Build Order
Export as new Build Order

SKTNickJones Protoss 

Build Orders: Double Forge 

Get SALT Encoding   

  6  0:02  Probe (Chrono Boost)  
  13  0:17  Probe (Chrono Boost)  
  14  0:29  Pylon  
  14  0:32  Probe (Chrono Boost)  
  15  0:54  Probe (Chrono Boost)  
  15  0:56  Forge  
  16  1:03  Forge  
  16  1:09  Probe (Chrono Boost)  
  16  1:18  Pylon  
  17  1:25  Probe (Chrono Boost)  
  18  1:54  Gateway  
  18  2:06  Pylon, Probe (Chrono Boost)  
  19  2:09  Pylon  
  19  2:20  Probe (Chrono Boost)  
  20  2:34  Photon Cannon  
  20  2:38  Probe (Chrono Boost), Photon Cannon  
  21  2:53  Probe (Chrono Boost)  
  22  3:10  Probe (Chrono Boost)  
  23  3:22  Nexus  
  23  3:27  Probe (Chrono Boost)  
  24  3:42  Probe (Chrono Boost)  
  25  3:56  Probe (Chrono Boost)  
  26  3:59  Cybernetics Core  
  26  4:00  Cybernetics Core  
  26  4:11  Assimilator  
  26  4:16  Assimilator  
  24  4:43  Photon Cannon  
  24  4:45  Photon Cannon  
  24  4:49  Photon Cannon  
  24  5:06  Probe (Chrono Boost)  
  24  5:07  Probe (Chrono Boost)  
  26  5:21  Probe (Chrono Boost)  
  26  5:22  Probe (Chrono Boost)  
  28  5:36  Probe x2 (Chrono Boost)  
  30  5:51  Probe x2 (Chrono Boost)  
  30  5:56  Protoss Air Weapons Level 1 (Chrono Boost)  
  32  6:05  Probe (Chrono Boost)  
  32  6:06  Probe (Chrono Boost)  
  32  6:07  Protoss Air Armor Level 1 (Chrono Boost)  
  34  6:20  Probe (Chrono Boost)  
  34  6:21  Assimilator, Probe (Chrono Boost)  
  34  6:26  Assimilator  
  36  6:42  Probe x2 (Chrono Boost)  
  38  6:55  Stargate  
  38  6:57  Probe x2 (Chrono Boost)  
  40  7:12  Probe x2 (Chrono Boost)  
  42  7:20  Stargate  
  42  7:26  Probe (Chrono Boost)  
  42  7:27  Probe (Chrono Boost)  
  44  8:15  Fleet Beacon  
  44  8:22  Photon Cannon x2  
  44  8:23  Photon Cannon  
  44  8:26  Photon Cannon  
  44  8:28  Photon Cannon  
  44  8:29  Photon Cannon  
  44  8:41  Pylon  
  44  8:49  Pylon  
  44  8:51  Pylon x2  
  44  9:00  Pylon x2  
  44  9:07  Photon Cannon  
  44  9:10  Photon Cannon  
  44  9:18  Photon Cannon  
  44  9:19  Photon Cannon  
  44  9:21  Photon Cannon  
  44  9:31  Tempest x2 (Chrono Boost)  
  52  10:19  Tempest  
  52  10:20  Tempest  
  60  11:07  Stargate  
  60  11:10  Stargate  
  60  11:11  Tempest  
  60  11:12  Tempest  
Show
View Real Time Build Order
Export as new Build Order

Grumm Protoss 

Build Orders: Oracle Opening 

Get SALT Encoding   

  6  0:04  Probe (Chrono Boost)  
  13  0:32  Probe (Chrono Boost)  
  13  0:33  Pylon  
  13  0:37  Assimilator  
  14  0:47  Probe (Chrono Boost)  
  15  1:01  Gateway  
  15  1:09  Probe (Chrono Boost)  
  15  1:13  Assimilator  
  16  1:24  Probe (Chrono Boost)  
  17  1:40  Probe (Chrono Boost)  
  18  1:54  Pylon  
  18  1:55  Probe (Chrono Boost)  
  19  2:09  Cybernetics Core  
  19  2:12  Probe (Chrono Boost)  
  20  2:27  Probe (Chrono Boost)  
  21  2:38  Forge  
  21  2:57  Probe (Chrono Boost)  
  22  3:04  Stargate  
  22  3:35  Pylon  
  22  3:45  Nexus  
  22  4:06  Photon Cannon  
  22  4:14  Oracle  
  25  4:30  Cybernetics Core  
  25  4:46  Gateway  
  25  4:57  Photon Cannon  
  25  5:12  Oracle  
  28  5:26  Assimilator  
  28  5:32  Assimilator  
  25  6:09  Pylon  
  25  6:27  Pylon  
  25  6:31  Probe x2 (Chrono Boost)  
  27  6:46  Probe x2 (Chrono Boost)  
  27  6:47  Photon Cannon  
  29  7:00  Probe (Chrono Boost)  
  29  7:01  Stargate, Probe (Chrono Boost)  
  31  7:23  Unknown  
  31  7:57  Oracle  
  31  8:21  Oracle  
  34  8:35  Photon Cannon  
  34  8:41  Probe (Chrono Boost)  
  34  8:42  Probe (Chrono Boost)  
  34  8:47  Oracle  
  39  8:56  Probe (Chrono Boost)  
  40  9:01  Protoss Air Weapons Level 1 (Chrono Boost)  
  40  9:04  Protoss Air Armor Level 1 (Chrono Boost)  
  40  9:11  Oracle  
  43  9:37  Oracle  
  46  10:05  Photon Cannon  
  46  10:22  Oracle  
  46  10:27  Oracle  
  52  10:29  Stargate  
  52  10:32  Pylon  
  52  11:35  Unknown  
Tags
 
Add a new tag
Caveats
  • Supply blocks, unpowered buildings, or Contaminate may cause inaccurate times.
  • Supply counts are checked every 10 seconds.